 Dungeon Crawl Stone Soup version 0.31-a0-636-ge1c0e020e0 (webtiles) character file.

Game seed: 7245869179974566194

67 rvierbuc the Covered (level 3, -1/27 HPs)
             Began as a Demonspawn Wanderer on Aug 26, 2023.
             Slain by Natasha (10 damage)
             ... on level 2 of the Dungeon.
             The game lasted 00:11:03 (1751 turns).

rvierbuc the Covered (Demonspawn Wanderer)          Turns: 1751, Time: 00:11:03

Health: -1/27      AC:  0    Str: 10    XL:     3   Next: 98%
Magic:  5/5        EV: 17    Int: 14    God:
Gold:   78         SH:  0    Dex: 20    Spells: 4/5 levels left

rFire   . . .        a - melded +0 dagger
rCold   . . .        (shield currently unavailable)
rNeg    . . .        b - melded +0 leather armour
rPois   .            (helmet currently unavailable)
rElec   .            (cloak currently unavailable)
rCorr   .            (gloves currently unavailable)
SInv    .            (boots currently unavailable)
Will    .....        (no amulet)
Stlth   ++           e - melded +5 ring of evasion
HPRegen 0.24/turn    (ring currently unavailable)
MPRegen 0.09/turn

%: no passive effects
@: bat-form, flying, slowed, quick
A: fast, flying, no casting, tiny, (spiny 1)
a: no special abilities


You were on level 2 of the Dungeon.
You were a bat.
You visited 1 branch of the dungeon, and saw 2 of its levels.

You collected 78 gold pieces.

Inventory:

Hand Weapons
 a - a +0 dagger (melded)
Armour
 b - a +0 leather armour (melded)
 d - a +2 scale mail
Jewellery
 e - a +5 ring of evasion (melded)
Wands
 i - a wand of paralysis (7)
Scrolls
 c - a scroll of blinking
 h - a scroll of teleportation {unknown}
Potions
 f - a potion of ambrosia {unknown}
 g - a potion of attraction {unknown}
 j - a potion of brilliance {unknown}
 k - a potion of berserk rage {unknown}
 l - a potion of heal wounds {unknown}


   Skills:
 + Level 2.0 Fighting
 + Level 1.3 Short Blades
 + Level 1.0 Throwing
 - Level 3.6 Armour
 + Level 0.1 Dodging
 + Level 1.8 Spellcasting
 + Level 2.6 Hexes
 + Level 1.1 Evocations


You had 4 spell levels left.
You knew the following spells:

 Your Spells              Type           Power      Damage    Failure   Level
a - Slow                  Hex            32%        N/A       9%          1

Your spell library contained the following spells:

 Spells                   Type           Power      Damage    Failure   Level
 Dazzling Flash           Conj/Hex       10%        N/A       38%         3


Dungeon Overview and Level Annotations

Branches:
Dungeon (2/15)

Altars:

Annotations:
D:2 Natasha


Innate Abilities, Weirdness & Mutations

You are a bat.
You are tiny and dextrous.
You move quickly.
You are flying.
Your equipment is almost entirely melded.
You are incapable of wielding weapons or throwing items.
You cannot cast spells.
((You are partially covered in sharp spines.))


Message History

Found a white potion.
The frilled lizard seems to slow down.
Found a fuming puce potion.
You hit the frilled lizard.
You kill the frilled lizard!
j - a fuming puce potion
k - a white potion
l - a fizzy white potion
Found a stone staircase leading up.
Natasha, Servant of Life and Death comes into view.
She is carrying a wand of polymorph.
Found 8 gold pieces and a dagger.
Natasha hisses angrily.
Natasha seems to slow down.
Natasha casts a spell at you. The magic dart hits you.
Natasha is struck by your spines. Natasha claws you but does no damage.
You closely miss Natasha.
Natasha is moderately wounded.
Natasha casts a spell at you.
You feel yourself slow down.
You closely miss Natasha.
Natasha is moderately wounded.
Natasha claws you!
You hit Natasha.
Natasha is moderately wounded.
Natasha zaps a wand.
You turn into a bat.
Your +0 dagger melds into your body.
Your +0 leather armour melds into your body.
Your +5 ring of evasion melds into your body.
You hit Natasha but do no damage.
Natasha is moderately wounded.
Natasha stares at you and mumbles some strange words.
You resist with significant effort.
You hit Natasha.
Natasha is heavily wounded.
Natasha claws you!
You barely miss Natasha.
Natasha is heavily wounded.
Natasha claws you!
You die...
Natasha begins licking her fur clean.

##.#.......# ........#
#.......### ........#
######### ........#
........# ........#
........# .)...$h.#
.......b# ........#
........################
........................
.......#################
#######


You could see Natasha (slow).

Vanquished Creatures
  Natasha (D:2)
  An adder (D:2)
  A worm (D:2)
  4 endoplasms (D:1)
  2 goblins (D:2)
  4 hobgoblins
  2 quokkas (D:1)
  4 ball pythons
  A bat (D:1)
  2 frilled lizards
  3 kobolds
  5 rats (D:1)
30 creatures vanquished.

Notes
Turn   | Place    | Note
-------+----------+-------------------------------------------
     0 | D:1      | rvierbuc the Demonspawn Wanderer began the quest for the
                  | Orb.
     0 | D:1      | rvierbuc set off with the following items: a +0 dagger, a
                  | wand of flame (3), a scroll of blinking, a +2 scale mail;
                  | and the following spell memorised: Slow; and the following
                  | spells available to memorise: Dazzling Flash.
     0 | D:1      | Reached XP level 1. HP: 15/15 MP: 2/2
   322 | D:1      | Gained mutation: You are partially covered in sharp spines.
                  | [demonic ancestry]
   322 | D:1      | Reached XP level 2. HP: 20/22 MP: 0/3
  1338 | D:2      | Noticed Natasha
  1350 | D:2      | Killed Natasha
  1351 | D:2      | Reached skill level 1 in Short Blades
  1351 | D:2      | Reached XP level 3. HP: 27/27 MP: 1/5
  1741 | D:2      | Noticed Natasha
  1751 | D:2      | Slain by Natasha

Illustrated notes

Levels and vault maps discovered:
D:1:      ebering_hopf_link, layout_basic, minmay_misc_feat_enclosed
D:2:      layout_basic, dk_noncrumbling_3, dk_vineyard_3, minmay_tall_x,
          uniq_natasha

Skill      XL: |  1  2 |
---------------+-------+-----
Fighting       | 2 |  2.0
Short Blades   | 1 |  1.3
Throwing       | |  1.0
Armour         | |  3.6
Dodging        | |  0.1
Spellcasting   | |  1.8
Hexes          | |  2.6
Evocations     | |  1.1

Action                     || total
---------------------------++-------
  Melee: Dagger            ||   116
         Unarmed           ||     3
         Punch             ||     1
   Cast: Slow              ||    25
  Evoke: Wand              ||     3
 Armour: Scale mail        ||    17
         Leather armour    ||     9
  Dodge: Dodged            ||    33

Table legend: (Time is in decaauts)
 A = Elapsed time spent in this place.
 B = Non-inter-level travel time spent in this place.
 C = Inter-level travel time spent in this place.
 D = Time resting spent in this place.
 E = Time spent auto-exploring this place.
 F = Levels seen in this place.
 G = Mean time per level.
                   A        B        C        D        E       F      G
               +--------+--------+--------+--------+--------+-----+--------+
         Total |   1767 |   1740 |     27 |    151 |   1262 |   2 |  883.5 |
       Dungeon |   1767 |   1740 |     27 |    151 |   1262 |   2 |  883.5 |
               +--------+--------+--------+--------+--------+-----+--------+

Top non-repeatable levels by time:
     D:1: 1276 daAuts
     D:2: 490 daAuts
